 Dungeon Crawl Stone Soup version 0.32-a0-841-g4648e6c (webtiles) character file.

Game seed: 1358392778027360853

49 Dorkslayer the Shield-Bearer (level 3, 0/26 HPs)
             Began as an Octopode Fighter on Mar 26, 2024.
             Slain by a centaur (6 damage)
             ... on level 3 of the Dungeon.
             The game lasted 00:02:51 (1313 turns).

Dorkslayer the Shield-Bearer (Octopode Fighter)     Turns: 1313, Time: 00:02:51

Health: 0/26       AC:  1    Str: 17    XL:     3   Next: 75%
Magic:  3/3        EV: 12    Int: 10    God:
Gold:   95         SH:  4    Dex: 11    Spells: 2/2 levels left

rFire   . . .        a - +0 war axe
rCold   + . .        b - +0 buckler
rNeg    . . .        (helmet restricted)
rPois   .            (no amulet)
rElec   .            h - ring of protection from cold
rCorr   .            (no ring)
SInv    .            (no ring)
Will    .....        (no ring)
Stlth   ++           (no ring)
HPRegen 0.24/turn    (no ring)
MPRegen 0.08/turn    (no ring)
                     (no ring)

%: no passive effects
@: mighty
A: almost no armour, amphibious, 8 rings, camouflage 1, gelatinous body 1,
(nimble swimmer 1), tentacles
a: no special abilities


You were on level 3 of the Dungeon.
You visited 1 branch of the dungeon, and saw 3 of its levels.

You collected 95 gold pieces.

Inventory:

Hand Weapons
 a - a +0 war axe (weapon)
Armour
 b - a +0 buckler (worn)
Jewellery
 h - a ring of protection from cold (left tentacle)
Talismans
 j - a maw talisman
Scrolls
 d - 2 scrolls of identify {unknown}
 k - 2 scrolls of teleportation {unknown}
 m - 2 scrolls of enchant armour {unknown}
 n - 2 scrolls of fog {unknown}
Potions
 c - 2 potions of might
 e - a potion of brilliance {unknown}
 f - a potion of enlightenment {unknown}
 g - 3 potions of curing {unknown}
 i - a potion of berserk rage {unknown}
 l - 2 potions of heal wounds {unknown}
 o - a potion of attraction {unknown}


   Skills:
 + Level 3.3 Fighting
 + Level 2.5 Axes
 + Level 3.3 Dodging
 + Level 1.1 Stealth
 + Level 3.4 Shields
 * Level 0.2 Shapeshifting


You had 2 spell levels left.
You didn't know any spells.
Your spell library was empty.

Dungeon Overview and Level Annotations

Branches:
Dungeon (3/15)

Altars:
Yredelemnul


Innate Abilities, Weirdness & Mutations

You cannot wear most types of armour.
You are amphibious.
You can wear up to eight rings at the same time.
Your skin changes colour to match your surroundings (Stealth+).
Your rubbery body absorbs attacks. (AC +1, EV +1)
((You are camouflaged when in or above water. (Stealth+)))
You have tentacles for arms and can constrict up to eight enemies at once.


Message History

Found a stone staircase leading down.
The ball python hisses angrily.
You hit the ball python.
You kill the ball python!
A centaur comes into view.
You see here a ball python corpse.
A rat comes into view.
The centaur wields a +0 orcbow.
The centaur shoots an arrow.
The arrow misses you.
The centaur shoots an arrow.
The arrow barely misses you.
An adder comes into view.
The adder hisses angrily.
The centaur shoots an arrow.
The arrow hits you!
The centaur shoots an arrow.
The arrow closely misses you.
You feel very mighty all of a sudden.
You hit the adder. You grab the adder.
The adder is moderately wounded.
You constrict the adder. The adder bites you.
You are poisoned.
The adder poisons you! The adder bites you.
You hit the adder.
You kill the adder!
You feel sick. The rat misses you.
Your Stealth skill increases to level 1!
Unknown command.
You slash the rat!
You kill the rat!
You feel sick.
The centaur shoots an arrow.
The arrow closely misses you.
Unknown command.
You feel sick.
You are no longer poisoned.
The centaur unwields a +0 orcbow.
The centaur closely misses you. x2
The centaur hits you.
* * * LOW HITPOINT WARNING * * *
The centaur barely misses you.
You see here an adder corpse.
You closely miss the centaur. You squeeze the centaur!
The centaur is heavily wounded.
The centaur hits you.
You die...

..# .# # #.# .# #.#....
# #.##.# #.#....###
.####.#..># ...r....#
.......#.. #........#
#.......#
#..#.##..######......##
##.....#..##...#........
.......@.).....#......##
##...#c#.....†........#
..............#.#####...
.#........#...#.# ###
...######.#...#.# .#
......#.# ##.#.#.#.#
#.......# ### #####.###


You could see a centaur.

Vanquished Creatures
  An adder (D:3)
  A dart slug (D:2)
  A ribbon worm (D:2)
  3 bats (D:1)
  An endoplasm (D:1)
  A giant cockroach (D:1)
  4 goblins (D:1)
  2 hobgoblins
  6 kobolds
  A quokka (D:2)
  7 ball pythons
  5 frilled lizards
  4 rats
37 creatures vanquished.

Notes
Turn   | Place    | Note
-------+----------+-------------------------------------------
     0 | D:1      | Dorkslayer the Octopode Fighter began the quest for the
                  | Orb.
     0 | D:1      | Reached XP level 1. HP: 16/16 MP: 1/1
   204 | D:1      | Reached XP level 2. HP: 21/21 MP: 2/2
   738 | D:2      | Reached XP level 3. HP: 26/26 MP: 3/3
   925 | D:2      | Found a basalt altar of Yredelemnul.
  1302 | D:3      | Noticed a centaur
  1311 | D:3      | Reached skill level 1 in Stealth
  1313 | D:3      | Slain by a centaur

Illustrated notes

Levels and vault maps discovered:
D:1:      roderic_dead_forest, layout_loops_cross, minmay_bisected
D:2:      layout_loops_cross, basic_altar, chequers_serial_rivers_small_a
D:3:      layout_loops_cross, minmay_checkerbox

Skill      XL: |  1  2  3 |
---------------+----------+-----
Stealth        | 1 |  1.1
Fighting       | |  3.3
Axes           | |  2.5
Dodging        | |  3.3
Shields        | |  3.4
Shapeshifting  | |  0.2

Action                     || total
---------------------------++-------
  Melee: War axe           ||    55
         Constrict         ||    15
         Tentacles         ||     8
    Use: Potion            ||     1
   Stab: Sleeping          ||     7
 Armour: Skin              ||    21
  Dodge: Dodged            ||    43
  Block: Buckler           ||     6

Table legend: (Time is in decaauts)
 A = Elapsed time spent in this place.
 B = Non-inter-level travel time spent in this place.
 C = Inter-level travel time spent in this place.
 D = Time resting spent in this place.
 E = Time spent auto-exploring this place.
 F = Levels seen in this place.
 G = Mean time per level.
                   A        B        C        D        E       F      G
               +--------+--------+--------+--------+--------+-----+--------+
         Total |   1335 |   1335 |      0 |      0 |    729 |   3 |  445.0 |
       Dungeon |   1335 |   1335 |      0 |      0 |    729 |   3 |  445.0 |
               +--------+--------+--------+--------+--------+-----+--------+

Top non-repeatable levels by time:
     D:1: 699 daAuts
     D:2: 580 daAuts
     D:3: 55 daAuts
